 Dungeon Crawl Stone Soup version 0.29.0-7-g18a832c13a (webtiles) character file.

Game seed: 13550331297580378983

372 robertstho the Magician (level 7, -2/49 HPs)
             Began as a Djinni Fire Elementalist on Aug 31, 2022.
             Slain by Grinder (6 damage)
             ... on level 4 of the Dungeon.
             The game lasted 00:04:42 (4942 turns).

robertstho the Magician (Djinni Fire Elementalist)  Turns: 4942, Time: 00:04:42

Health: -2/49      AC:  3    Str:  7    XL:     7   Next: 2%
Gold:   146        EV: 12    Int: 19    God:
                   SH:  0    Dex: 13

rFire   + + .      SeeInvis .   (no weapon)
rCold   x . .      Faith    .   (no shield)
rNeg    . . .      Spirit   .   a - +0 robe
rPois   ∞          Reflect  .   (no helmet)
rElec   .          Harm     .   v - +0 cloak
rCorr   .          Rampage  .   (no gloves)
Will    .....                   (boots unavailable)
Stlth   ++........              (no amulet)
HPRegen 0.16/turn               (no ring)
MPRegen 0.00/turn               (no ring)

@: flying, hasted, very quick
A: sickness immunity, fire resistance 2, cold vulnerability 1, float, innate
caster, HP casting, extra vitality 1
a: no special abilities


You were on level 4 of the Dungeon.
You visited 1 branch of the dungeon, and saw 4 of its levels.

You collected 146 gold pieces.

Inventory:

Armour
 a - a +0 robe (worn)
 v - a +0 cloak (worn)
Jewellery
 b - a +4 ring of evasion
 s - a +6 ring of intelligence
Scrolls
 e - a scroll of noise {unknown}
 g - 3 scrolls of vulnerability {unknown}
 i - a scroll of teleportation {unknown}
 j - 2 scrolls of identify {unknown}
 l - a scroll of fear {unknown}
 m - a scroll of immolation {unknown}
 o - a scroll of summoning {unknown}
 q - a scroll of silence {unknown}
 t - a scroll of enchant weapon {unknown}
 u - a scroll of poison {unknown}
Potions
 d - a potion of brilliance {unknown}
 h - a potion of mutation {unknown}
 k - a potion of ambrosia {unknown}
 n - a potion of magic {unknown}
 p - a potion of might {unknown}
 r - a potion of heal wounds {unknown}
 w - 2 potions of attraction {unknown}


   Skills:
 * Level 2.3 Fighting
 + Level 2.5 Dodging
 + Level 2.0 Stealth
 * Level 5.0 Spellcasting


You couldn't memorise any spells.
You knew the following spells:

 Your Spells              Type           Power      Damage    Failure   Level
a - Foxfire               Conj/Fire      96%        2x1d8     1%          1
b - Scorch                Fire           48%        2d7       2%          2
c - Conjure Flame         Conj/Fire      24%        6-21      4%          3
d - Inner Flame           Hex/Fire       24%        N/A       4%          3
e - Flame Wave            Conj/Fire      24%        2d8       16%         4
f - Sting                 Tmut/Pois      96%        1d7       1%          1
g - Passwall              Tmut/Erth      20%        N/A       2%          2
h - Call Imp              Summ           24%        N/A       2%          2
Your spell library was empty.

Dungeon Overview and Level Annotations

Branches:
Dungeon (4/15)
 Temple: D:4-7

Altars:
Qazlal
Uskayaw

Annotations:
D:4 Grinder


Innate Abilities, Weirdness & Mutations

You are immune to sickness and miasma.
You are immune to poison.
Your flesh is very heat resistant. (rF++)
You are vulnerable to cold. (rC-)
You float through the air rather than walking.
You learn spells naturally, not from books.
Your magical power is your life essence.
You have superior vitality. (+4 MHP)


Message History

The foxfire hits Grinder.
Grinder is lightly wounded.
The foxfire hits Grinder but does no damage.
Grinder is lightly wounded.
Grinder gestures at you. You resist with some effort.
Unknown command.
It was a potion of curing.
You feel better.
The foxfire hits Grinder.
Grinder is moderately wounded.
The foxfire hits Grinder.
Grinder is moderately wounded.
Grinder hits you but does no damage.
You feel better. Grinder hits you.
You writhe in agony.
Casting: Foxfire (safe; 1% risk of failure)
Confirm with . or Enter, or press ? or * to list all spells.
A beastly little devil appears in a puff of flame.
Grinder hits you!
* * * LOW HITPOINT WARNING * * *
You writhe in agony.
* * * LOW HITPOINT WARNING * * *
You feel better. Grinder gestures at you.
You suddenly lose the ability to move!
Your crimson imp completely misses Grinder.
Grinder blinks!
Grinder says, "You look like you could use a good racking."
Grinder blinks!
Your crimson imp closely misses Grinder.
You can move again.
Casting: Call Imp (safe; 2% risk of failure)
Confirm with . or Enter, or press ? or * to list all spells.
Flames lash Grinder.
Grinder is heavily wounded.
Grinder's fire resistance burns away.
* * * LOW HITPOINT WARNING * * *
Grinder says, "You look like you could use a good racking."
You feel yourself speed up. Grinder hits you!
* * * LOW HITPOINT WARNING * * *
You writhe in agony.
You die...

.... ### ..... ....
...##########.... ....
...#......#..... ....
............# ...
............# .)#
..........#.#### #†#
.....######....##..#####
..##..########..@w......
#<###..........#5......#
#.# #...........5.......
#.# #........>.#........
#.# ###.....###.........
#.# #.....# .......##
#.#####.....#...........
............).#........#
#..............


You could see Grinder (combustible, ally target), a worm and a friendly crimson
imp (summoned).

Vanquished Creatures
  A scorpion (D:4)
  3 orc priests
  An iguana (D:4)
  2 orc wizards (D:4)
  5 adders
  5 worms
  2 dart slugs (D:1)
  12 orcs
  10 endoplasms
  4 giant cockroaches
  4 goblins
  7 hobgoblins
  3 quokkas
  3 ball pythons
  9 bats
  4 frilled lizards
  6 kobolds
  4 rats
85 creatures vanquished.

Vanquished Creatures (others)
  264 foxfires
264 creatures vanquished.

Grand Total: 349 creatures vanquished

Notes
Turn   | Place    | Note
-------+----------+-------------------------------------------
     0 | D:1      | robertstho the Djinni Fire Elementalist began the quest for
                  | the Orb.
     0 | D:1      | robertstho set off with the following spells memorised:
                  | Foxfire, Scorch, Conjure Flame, Inner Flame, Flame Wave.
     0 | D:1      | Reached XP level 1. HP: 15/15 MP: 0/0
   299 | D:1      | Reached XP level 2. HP: 20/21 MP: 0/0
   780 | D:1      | Reached skill level 1 in Fighting
   924 | D:1      | Reached XP level 3. HP: 24/27 MP: 0/0
   924 | D:1      | Learned a level 1 spell: Sting
  1154 | D:1      | Reached skill level 3 in Spellcasting
  1855 | D:2      | Reached XP level 4. HP: 23/32 MP: 0/0
  2808 | D:3      | Reached XP level 5. HP: 27/37 MP: 0/0
  2808 | D:3      | Learned a level 2 spell: Passwall
  3213 | D:3      | Found a hide-covered altar of Uskayaw.
  3301 | D:3      | Reached skill level 4 in Spellcasting
  3657 | D:3      | Found a stormy altar of Qazlal.
  4258 | D:3      | Found a faded altar of an unknown god.
  4461 | D:4      | Reached XP level 6. HP: 25/43 MP: 0/0
  4914 | D:4      | Noticed Grinder
  4930 | D:4      | Reached skill level 5 in Spellcasting
  4930 | D:4      | Reached XP level 7. HP: 15/49 MP: 0/0
  4930 | D:4      | Learned a level 2 spell: Call Imp
  4937 | D:4      | Paralysed by Grinder for 4 turns
  4942 | D:4      | Slain by Grinder

Illustrated notes

Levels and vault maps discovered:
D:1:      doesnt_arrival_eight_statues, layout_loops_cross
D:2:      layout_loops_corners, minmay_pentomino_u4
D:3:      cheibrodos_pilgrimage, layout_basic,
          mainiacjoe_overflow_small_starburst, mainiacjoe_overflow_paths,
          mainiacjoe_overflow_24_doors, shapermc_ecumenical_altar_mp_vishouse,
          grunt_ministairs_3
D:4:      layout_rooms, mainiacjoe_overflow_catwalk_spiral, uniq_ijyb,
          uniq_grinder

Skill      XL: |  1  2  3  4  5  6 |
---------------+-------------------+-----
Fighting       | 1 2 |  2.3
Spellcasting   | 3 4 5 |  5.0
Stealth        | 2 |  2.0
Dodging        | |  2.5

Action                   |  1- 3 |  4- 6 |  7- 9 || total
-------------------------+-------+-------+-------++-------
Melee: Unarmed           |     1 |     1 |       ||     2
 Cast: Foxfire           |    82 |    80 |     4 ||   166
       Scorch            |       |    37 |     1 ||    38
       Flame Wave        |       |     2 |       ||     2
       Call Imp          |       |       |     1 ||     1
  Use: Potion            |       |       |     4 ||     4
Armor: Robe              |     5 |     6 |     1 ||    12
Dodge: Dodged            |     5 |    21 |       ||    26
